 Dungeon Crawl Stone Soup version 0.21.1-1-g345015fe64 (webtiles) character file.

1108 Peloso the Slasher (level 8, -1/70 HPs)
             Began as a Minotaur Fighter on May 4, 2018.
             Was an Initiate of Okawaru.
             Slain by an ogre
             ... wielding a +0 giant club
              (13 damage)
             ... on level 5 of the Dungeon.
             The game lasted 00:09:12 (4181 turns).

Peloso the Slasher (Minotaur Fighter)               Turns: 4181, Time: 00:09:13

Health: -1/70      AC: 12    Str: 21    XL:     8   Next: 11%
Magic:  16/16      EV:  5    Int:  5    God:    Okawaru [......]
Gold:   140        SH: 10    Dex: 12    Spells: 7/7 levels left

rFire    + . .     SeeInvis +   a - +0 long sword
rCold    + . .     Gourm    .   c - +0 shield
rNeg     . . .     Faith    .   b - +0 plate armour
rPois    .         Spirit   .   (helmet restricted)
rElec    .         Reflect  .   t - scarf {rC+ rF+}
rCorr    .         Harm     .   D - -1 pair of gloves (curse)
MR       .....                  (no boots)
Stlth    ..........             (no amulet)
HPRegen  0.21/turn              x - ring of magical power
MPRegen  0.15/turn              y - ring of see invisible

@: no status effects
A: retaliatory headbutt, horns 2
a: Renounce Religion


You were on level 5 of the Dungeon.
You worshipped Okawaru.
Okawaru was noncommittal.
You were not hungry.

You visited 1 branch of the dungeon, and saw 5 of its levels.
You also visited: Ossuary.

You collected 140 gold pieces.

Inventory:

Hand Weapons
 a - a +0 long sword (weapon)
Armour
 b - a +0 plate armour (worn)
 c - a +0 shield (worn)
 t - a scarf of resistance (worn)
 D - a cursed -1 pair of gloves (worn)
Jewellery
 x - a ring of magical power (left hand)
 y - a ring of see invisible (right hand)
Wands
 B - a wand of digging (7)
Scrolls
 e - 6 scrolls of noise {unknown}
 h - 9 scrolls of identify {unknown}
 k - a scroll of blinking {unknown}
 l - 2 scrolls of teleportation {unknown}
 n - a scroll of immolation {unknown}
 o - a scroll of remove curse {unknown}
 q - 3 scrolls of enchant weapon {unknown}
 r - a scroll of enchant armour {unknown}
 s - 2 scrolls of magic mapping {unknown}
 w - a scroll of fear {unknown}
 C - a scroll of amnesia {unknown}
Potions
 d - 3 potions of might
 g - 4 potions of flight {unknown}
 i - 5 potions of lignification {unknown}
 j - a potion of curing {unknown}
 m - a potion of brilliance {unknown}
 p - a potion of berserk rage {unknown}
 u - 2 potions of magic {unknown}
 v - a potion of mutation {unknown}
 z - 2 potions of degeneration {unknown}
Comestibles
 f - 11 rations
 A - 6 chunks of flesh


   Skills:
 + Level 6.1 Fighting
 + Level 7.2 Long Blades
 + Level 5.8 Armour
 + Level 1.3 Dodging
 + Level 6.9 Shields


You had 7 spell levels left.
You didn't know any spells.

Dungeon Overview and Level Annotations

Branches:
Dungeon (5/15)
 Temple: D:4-7

Altars:
Elyvilon
Fedhas
Hepliaklqana
Okawaru
Qazlal
Sif Muna
Trog
Wu Jian


Innate Abilities, Weirdness & Mutations

You reflexively headbutt those who attack you in melee.
You have a pair of horns on your head.


Message History

You kill the gnoll!
Okawaru accepts your kill.
You slash the gnoll!
You kill the gnoll!
Okawaru accepts your kill.
You hit the gnoll.
The gnoll is moderately wounded.
The gnoll hits you with a spear.
You barely miss the ogre. You headbutt the ogre.
The ogre is lightly wounded.
You block the ogre's attack. You block the gnoll's attack.
You hit the ogre. You headbutt the ogre!
The ogre is moderately wounded.
The ogre hits you with a giant club!!
* * * LOW HITPOINT WARNING * * *
You block the gnoll's attack.
You hit the ogre but do no damage. You headbutt the ogre.
The ogre is heavily wounded.
The ogre hits you with a giant club!
You die...

........†)........
≈≈≈≈≈≈....≈≈≈≈≈≈≈≈
≈≈≈≈≈≈....≈≈≈≈≈≈≈≈
≈≈≈≈≈≈....≈≈≈≈≈≈≈≈
........[.........
######''''#########
#....#.......#
#...)#.......#
+....')....@g#
############O#
$.#..ggO)g#
≈..g..)g.g#
≈....g....#
..#..........
########....# ?.
....# ## #####


You could see an ogre and 3 gnolls.

Vanquished Creatures
  A sky beast (D:5)
  A phantom (D:4)
  A scorpion (D:4)
  5 centaur zombies (Ossuary)
  A human zombie (Ossuary)
  3 orc priests
  2 orc wizards
  3 hounds (D:4)
  An iguana (D:4)
  2 worker ants (D:4)
  2 mummies (Ossuary)
  A worker ant zombie (D:5)
  10 gnolls (D:5)
  7 adders
  2 oozes
  3 worms
  3 dart slugs (D:1)
  3 leopard geckos
  20 orcs
  9 giant cockroaches
  11 goblins
  8 hobgoblins
  10 jackals
  6 quokkas
  3 bats
  5 frilled lizards
  3 goblin zombies (Ossuary)
  10 hobgoblin zombies (Ossuary)
  5 kobolds
  8 kobold zombies (Ossuary)
  A leopard gecko skeleton (D:5)
  9 orc zombies (Ossuary)
  2 quokka zombies (D:5)
  4 rats
  A rat zombie (Ossuary)
166 creatures vanquished.

Vanquished Creatures (others)
  4 toadstools (D:1)
4 creatures vanquished.

Grand Total: 170 creatures vanquished

Notes
Turn   | Place    | Note
-------+----------+-------------------------------------------
     0 | D:1      | Peloso the Minotaur Fighter began the quest for the Orb.
     0 | D:1      | Reached XP level 1. HP: 19/19 MP: 0/0
    33 | D:1      | Reached XP level 2. HP: 20/27 MP: 1/1
   182 | D:1      | Reached XP level 3. HP: 27/33 MP: 2/2
   820 | D:2      | Reached skill level 3 in Long Blades
   917 | D:2      | Reached XP level 4. HP: 31/41 MP: 3/3
  1395 | D:3      | Reached XP level 5. HP: 27/47 MP: 4/4
  1402 | D:3      | Reached skill level 4 in Long Blades
  1402 | D:3      | Reached skill level 5 in Shields
  1739 | D:3      | Found a white marble altar of Elyvilon.
  1740 | D:3      | Found a deep blue altar of Sif Muna.
  1754 | D:3      | Found an iron altar of Okawaru.
  2029 | D:3      | Found an ornate altar of the Wu Jian Council.
  2031 | D:3      | Found a hazy altar of Hepliaklqana.
  2230 | D:4      | Found a sand-covered staircase.
  2235 | Ossuary  | Entered an ossuary
  2355 | Ossuary  | Reached XP level 6. HP: 47/53 MP: 5/5
  2363 | Ossuary  | Reached skill level 5 in Long Blades
  2382 | Ossuary  | Reached skill level 5 in Armour
  2382 | Ossuary  | Reached skill level 1 in Dodging
  2403 | Ossuary  | Reached skill level 5 in Fighting
  2774 | D:4      | Reached skill level 6 in Long Blades
  2774 | D:4      | Reached XP level 7. HP: 53/61 MP: 6/6
  2841 | D:3      | Found a blossoming altar of Fedhas.
  2847 | D:3      | Became a worshipper of Warmaster Okawaru
  3378 | D:4      | Found a bloodstained altar of Trog.
  3691 | D:5      | Entered Level 5 of the Dungeon
  3875 | D:5      | Reached skill level 7 in Long Blades
  3979 | D:5      | Found a stormy altar of Qazlal.
  4015 | D:5      | Reached XP level 8. HP: 70/70 MP: 7/7
  4181 | D:5      | Slain by an ogre

Skill      XL: |  1  2  3  4  5  6  7  8 |
---------------+-------------------------+-----
Shields        | 4 5 6 |  6.9
Fighting       | 4 5 6 |  6.1
Armour         | 4 5 |  5.8
Long Blades    | 3 4 6 7 |  7.2
Dodging        | 1 |  1.3

Action                   |  1- 3 |  4- 6 |  7- 9 || total
-------------------------+-------+-------+-------++-------
Melee: Long sword        |   103 |   235 |   172 ||   510
       Headbutt          |    20 |    42 |    34 ||    96
  Eat: Chunk             |       |     3 |     5 ||     8
       Ration            |       |     1 |       ||     1
Armor: Scale mail        |    33 |       |       ||    33
       Plate armour      |     4 |   166 |    88 ||   258
Dodge: Dodged            |    20 |    41 |    24 ||    85
Block: Shield            |    52 |   130 |   102 ||   284
       Rpst.: Long sword |     5 |    10 |     3 ||    18
